 Dungeon Sprint DCSS version 0.24.0-125-gc4c63601f3 (webtiles) character file.

Game seed: 7377133701179498684, levelgen mode: deterministic

452 Ponchio the Geomancer (level 6, -1/32 HPs)
             Began as a Deep Elf Earth Elementalist on Feb 25, 2020.
             Slain by a tyrant leech (8 damage)
             ... in the Dungeon (Sprint II: "The Violet Keep of Menkaure").
             The game lasted 00:05:51 (581 turns).

Ponchio the Geomancer (Deep Elf Earth Elementalist)  Turns: 581, Time: 00:05:51

Health: -1/32      AC:  2    Str:  5    XL:     6   Next: 75%
Magic:  1/22       EV: 13    Int: 22    God:
Gold:   729        SH:  0    Dex: 15    Spells: 13/28 levels left

rFire    . . .     SeeInvis .   (no weapon)
rCold    . . .     Gourm    .   (no shield)
rNeg     . . .     Faith    .   c - +0 robe
rPois    .         Spirit   .   (no helmet)
rElec    .         Reflect  .   (no cloak)
rCorr    .         Harm     .   (no gloves)
MR       .....     NoTele   +   (no boots)
Stlth    ++........             (no amulet)
HPRegen  0.10/turn              (no ring)
MPRegen  0.18/turn              (no ring)

@: very slightly contaminated
A: no striking features
a: no special abilities


You were in the Dungeon.
You were not hungry.

You visited 1 branch You collected 729 gold pieces.

Inventory:

Armour
 c - a +0 robe (worn)
Potions
 f - a potion of heal wounds
 g - a potion of haste
 h - 2 potions of magic
 i - a potion of berserk rage
Comestibles
 d - a ration


   Skills:
 + Level 2.4 Dodging
 - Level 2.4 Stealth
 + Level 11.9 Spellcasting
 - Level 1.1 Transmutations
 - Level 12.5 Earth Magic


You had 13 spell levels left.
You knew the following spells:

 Your Spells              Type           Power        Failure   Level  Hunger
a - Sandblast             Erth           ######       1%          1    None
b - Passwall              Tmut/Erth      #####...     1%          2    None
c - Stone Arrow           Conj/Erth      #####.       1%          3    None
d - Petrify               Tmut/Erth      #####...     3%          4    None
e - Lee's Rapid Deconstr  Erth           ######....   1%          5    ####...

Your spell library contained the following spells:

 Spells                   Type           Power        Failure   Level  Hunger


Dungeon Overview and Level Annotations

Branches:
Dungeon (1/1)

Altars:


Message History

The tyrant leech is severely wounded.
Casting: Lee's Rapid Deconstruction (safe; 1% risk of failure)
Confirm with . or Enter, or press ? or * to list all spells.
Aiming: Lee's Rapid Deconstruction (safe; 1% risk of failure)
Press: ? - help, Dir - move target cursor A rock wall.
The wall shatters!
The blast of rock fragments hits the tyrant leech.
The tyrant leech is severely wounded.
Casting: Lee's Rapid Deconstruction (safe; 1% risk of failure)
Confirm with . or Enter, or press ? or * to list all spells.
Aiming: Lee's Rapid Deconstruction (safe; 1% risk of failure)
Press: ? - help, Dir - move target cursor A rock wall.
The wall shatters!
The blast of rock fragments hits the tyrant leech!!
The tyrant leech is moderately wounded.
The tyrant leech barely misses you. The tyrant leech bites you!
You die...

##+## ##.@.##
#..#ww#
####.#.## #
##.###'## .##
#..###.##w..#
+##†'.<.'#
#..###.##$w.#
##.# #'## .##
#####..## #


You could see 2 tyrant leeches.

Vanquished Creatures
  4 necrophages (D)
  4 worker ants (D)
  3 worms (D)
11 creatures vanquished.

Vanquished Creatures (others)
  A crocodile (D)
1 creature vanquished.

Grand Total: 12 creatures vanquished

Notes
Turn   | Place    | Note
-------+----------+-------------------------------------------
     0 | D        | Ponchio the Deep Elf Earth Elementalist began the quest for
                  | the Orb.
     0 | D        | Reached XP level 1. HP: 10/10 MP: 6/6
     1 | D        | Noticed a tyrant leech
     1 | D        | Noticed a tyrant leech
    16 | D        | Reached skill level 4 in Earth Magic
   108 | D        | Killed a crocodile
   132 | D        | Reached skill level 5 in Earth Magic
   132 | D        | Reached XP level 2. HP: 15/15 MP: 5/9
   177 | D        | Learned a level 2 spell: Passwall
   187 | D        | Reached skill level 6 in Earth Magic
   187 | D        | Reached XP level 3. HP: 6/19 MP: 7/12
   299 | D        | Learned a level 3 spell: Stone Arrow
   339 | D        | Reached skill level 7 in Earth Magic
   339 | D        | Reached XP level 4. HP: 24/24 MP: 12/15
   431 | D        | Learned a level 4 spell: Petrify
   432 | D        | Noticed a necrophage
   432 | D        | Noticed a necrophage
   432 | D        | Noticed a necrophage
   432 | D        | Noticed a necrophage
   435 | D        | Killed a necrophage
   435 | D        | Reached skill level 10 in Spellcasting
   435 | D        | Reached skill level 9 in Earth Magic
   435 | D        | Reached XP level 5. HP: 28/28 MP: 13/19
   437 | D        | Killed a necrophage
   437 | D        | Reached skill level 11 in Earth Magic
   437 | D        | Reached XP level 6. HP: 32/32 MP: 11/21
   442 | D        | Reached skill level 12 in Earth Magic
   528 | D        | Learned a level 5 spell: Lee's Rapid Deconstruction
   581 | D        | Slain by a tyrant leech

Levels and vault maps discovered:
D:        the_violet_keep_of_menkaure [sprint2_stairs_cluster_1,
          sprint2_shoproom, sprint2_temple, sprint2_basic_supplies,
          sprint2_obstacle_5, sprint2_obstacle_1, sprint2_obstacle_6,
          sprint2_obstacle_4, sprint2_obstacle_3, sprint2_timed_cluster_1,
          sprint2_smallroom_cluster_1, sprint2_smallroom_final_cluster_1,
          sprint2_transparent_cluster_1, sprint2_second_timed_cluster_1,
          sprint2_sniper_area_1, sprint2_heavy_combat_area_1,
          sprint2_mutation_trap_area_1, sprint2_forest_area_1,
          sprint2_light_combat_area_1, sprint2_behind_water_1,
          sprint2_near_end_vault_1]

Skill      XL: |  1  2  3  4  5  6 |
---------------+-------------------+-----
Earth Magic    | 5 6 7 9 11 12 | 12.5
Spellcasting   | 4 6 7 10 11 | 11.9
Dodging        | |  2.4
Stealth        | |  2.4
Transmutations | |  1.1

Action                   |  1- 3 |  4- 6 || total
-------------------------+-------+-------++-------
 Cast: Sandblast         |    14 |    16 ||    30
       Lee's Rapid Decon |       |     4 ||     4
  Use: Potion            |     1 |       ||     1
       Scroll            |       |     1 ||     1
Armor: Robe              |       |     1 ||     1
Dodge: Dodged            |     5 |     3 ||     8
